 Dungeon Sprint DCSS version 0.26-a0-1164-g1a551d6a14 (webtiles) character file.

Game seed: 3538132756549863852

3178 reriks the Cleaver (level 9, -3/141 HPs)
             Began as a Deep Dwarf Berserker on Dec 24, 2020.
             Was an Elder of Trog.
             Splashed by an oklob plant's acid (15 damage)
             ... in the Dungeon (Sprint I: "Red Sonja").
             The game lasted 00:03:37 (1498 turns).

reriks the Cleaver (Deep Dwarf Berserker)           Turns: 1498, Time: 00:03:38

Health: -3/141     AC: -7    Str: 23    XL:     9   Next: 63%
Magic:  9/9        EV:  9    Int:  9    God:    Trog [****..]
Gold:   268        SH: 13    Dex: 12    Spells: 8/8 levels left

rFire    + . .     SeeInvis .   a - +0 hand axe
rCold    + + .     Faith    .   r - +1 tower shield {rC+ rF+}
rNeg     . . .     Spirit   .   j - +0 chain mail
rPois    .         Reflect  .   (no helmet)
rElec    .         Harm     .   (no cloak)
rCorr    .         Rampage  .   (no gloves)
Will     +....     NoTele   +   (no boots)
Stlth    ..........             (no amulet)
HPRegen  0.00/turn              p - ring of protection from cold
MPRegen  0.11/turn              (no ring)

@: berserking (expiring), corroded, non-regenerating, very quick
A: damage resistance, heal wounds, sense surroundings 2, no regeneration
a: Heal Wounds, Renounce Religion, Berserk, Trog's Hand, Brothers in Arms


You were in the Dungeon.
You worshipped Trog.
Trog was greatly pleased with you.
You visited 1 branch You collected 954 gold pieces.
You spent 686 gold pieces at shops.

Inventory:

Hand Weapons
 a - a +0 hand axe (weapon)
Armour
 b - a +0 animal skin
 j - a +0 chain mail (worn)
 m - a cursed +0 pair of gloves
 r - a +1 tower shield of resistance (worn)
Jewellery
 p - a ring of protection from cold (left hand)
Wands
 i - a wand of polymorph (6)
 k - a wand of digging (7)
 l - a wand of iceblast (15)
Scrolls
 h - a scroll of blinking
 n - a scroll of fear {unknown}
 q - a scroll of identify {unknown}
 s - a scroll of fog {unknown}
Potions
 c - 3 potions of curing
 d - a potion of heal wounds
 e - a potion of haste
 f - 3 potions of magic
 g - a potion of berserk rage
 o - a potion of attraction {unknown}


   Skills:
 + Level 10.7 Fighting
 + Level 12.5 Axes
 + Level 12.3 Armour
 + Level 12.3 Dodging


You had 8 spell levels left.
You didn't know any spells.
Your spell library was empty.

Dungeon Overview and Level Annotations

Branches:
Dungeon (1/1)

Altars:
Cheibriados
Dithmenos
Elyvilon
Fedhas
Gozag
Hepliaklqana
Kikubaaqudgha
Makhleb
Nemelex Xobeh
Okawaru
Qazlal
Ru
Sif Muna
Trog
Uskayaw
Vehumet
Wu Jian
Xom
Yredelemnul
Zin
The Shining One
Jiyva
Lugonu

Shops:
D [}[

Annotations:
D exclusion: oklob plant


Innate Abilities, Weirdness & Mutations

You are resistant to damage.
You can heal yourself by infusing magical energy.
You passively map the area around you.
You do not regenerate.


Message History

You hit the oklob plant but do no damage.
The oklob plant is heavily damaged.
You slash the oklob plant!
The oklob plant is severely damaged.
You hit the oklob plant but do no damage.
The oklob plant is severely damaged.
You hit the oklob plant but do no damage.
The oklob plant is severely damaged.
The oklob plant spits acid at you. The splash of acid hits you!
* * * LOW HITPOINT WARNING * * *
You are splashed with acid!
* * * LOW HITPOINT WARNING * * *
You hit the oklob plant.
The oklob plant is severely damaged.
The oklob plant spits acid at you. The splash of acid hits you!
* * * LOW HITPOINT WARNING * * *
The acid corrodes you!
You are splashed with acid!
You die...

############### *
** ).#.)'..#__#..+
, , ..'..#..'..'..#
* * , ,
#'#####'#__#### +,
* ,
..#...#.####§§####
+ *
###..##.#§§§§§#§.#
* * ,
__##'#_.+≈≈≈§§§.§#,
, *,,
...'.)._#§§≈)§#§§#
,,
__##_.#'##(#####@#
* , ,
__###'#)#§§).###P+
* ^ * *
#####.####'###[###,
* ,*
...'...'.....'.∩#*
* ####...##########
* ###.###,, , ** *
,,#.#'#.# , , +, ,,
, , #.....# + * * ,
, , * , #.)...# , ,
,


You could see an oklob plant.

Vanquished Creatures
  2 centaur warriors (D)
  Sonja (D)
  A deep troll (D)
  A hornet (D)
  A slime creature (D)
  Sigmund (D)
  A yak (D)
  An ogre (D)
  A jelly (D)
  Ijyb (D)
11 creatures vanquished.

Vanquished Creatures (others)
  4 hornets (D)
  2 ballistomycete spores (D)
6 creatures vanquished.

Grand Total: 17 creatures vanquished

Notes
Turn   | Place    | Note
-------+----------+-------------------------------------------
     0 | D        | reriks the Deep Dwarf Berserker began the quest for the
                  | Orb.
     0 | D        | Reached XP level 1. HP: 20/20 MP: 1/1
     1 | D        | Noticed Ijyb
    13 | D        | Killed Ijyb
    14 | D        | Reached XP level 2. HP: 30/30 MP: 2/2
   158 | D        | Noticed an ogre
   164 | D        | Killed an ogre
   165 | D        | Reached skill level 5 in Fighting
   165 | D        | Reached skill level 5 in Armour
   165 | D        | Reached skill level 5 in Dodging
   165 | D        | Reached XP level 3. HP: 20/39 MP: 3/3
   165 | D        | Reached XP level 4. HP: 24/46 MP: 4/4
   226 | D        | Noticed Sigmund
   236 | D        | Killed Sigmund
   236 | D        | Reached ** piety under Trog
   237 | D        | Reached XP level 5. HP: 56/56 MP: 5/5
   237 | D        | Reached XP level 6. HP: 63/63 MP: 6/6
   477 | D        | Found an ornate altar of the Wu Jian Council.
   477 | D        | Found a shimmering blue altar of Sif Muna.
   479 | D        | Found a radiant altar of Vehumet.
   515 | D        | Found Iklyx's Gadget Emporium.
   515 | D        | Found an ancient bone altar of Kikubaaqudgha.
   515 | D        | Found a hazy altar of Hepliaklqana.
   515 | D        | Found a stormy altar of Qazlal.
   515 | D        | Found a hide-covered altar of Uskayaw.
   515 | D        | Found a blossoming altar of Fedhas.
   515 | D        | Found a bloodstained altar of Trog.
   515 | D        | Found an iron altar of Okawaru.
   515 | D        | Found a basalt altar of Yredelemnul.
   515 | D        | Found a glowing golden altar of the Shining One.
   515 | D        | Found a snail-covered altar of Cheibriados.
   515 | D        | Found a sacrificial altar of Ru.
   515 | D        | Found a glowing silver altar of Zin.
   515 | D        | Found a shadowy altar of Dithmenos.
   515 | D        | Found a white marble altar of Elyvilon.
   515 | D        | Noticed a yak
   534 | D        | Killed a yak
   535 | D        | Found an opulent altar of Gozag.
   536 | D        | Found a sparkling altar of Nemelex Xobeh.
   752 | D        | Bought a wand of iceblast (6) for 100 gold pieces
   752 | D        | Bought a wand of iceblast (11) for 150 gold pieces
   764 | D        | Found a burning altar of Makhleb.
   764 | D        | Found a viscous altar of Jiyva.
   764 | D        | Found a shimmering altar of Xom.
   764 | D        | Found a corrupted altar of Lugonu.
   764 | D        | Noticed a slime creature
   777 | D        | Killed a slime creature
   777 | D        | Reached *** piety under Trog
   778 | D        | Reached XP level 7. HP: 73/73 MP: 7/7
   853 | D        | Noticed Sonja
   871 | D        | Killed Sonja
   872 | D        | Reached skill level 10 in Axes
   872 | D        | Reached skill level 10 in Armour
   872 | D        | Reached skill level 10 in Dodging
   872 | D        | Reached XP level 8. HP: 66/84 MP: 8/8
   941 | D        | Found Cuplec's Armour Boutique.
   949 | D        | Bought a cursed +0 pair of gloves for 35 gold pieces
   961 | D        | Noticed a deep troll
   971 | D        | Killed a deep troll
  1174 | D        | Found Yluiheir's Armour Emporium.
  1229 | D        | Killed a hornet
  1235 | D        | Killed a hornet
  1243 | D        | Bought a +1 tower shield of resistance for 401 gold pieces
  1256 | D        | Noticed a centaur warrior
  1257 | D        | Noticed a centaur warrior
  1263 | D        | Killed a centaur warrior
  1263 | D        | Reached **** piety under Trog
  1264 | D        | Reached skill level 10 in Fighting
  1264 | D        | Gained mutation: You passively map the area around you.
                  | [Deep Dwarf growth]
  1264 | D        | Reached XP level 9. HP: 90/93 MP: 9/9
  1293 | D        | Killed a centaur warrior
  1484 | D        | Noticed an oklob plant
  1498 | D        | Splashed by an oklob plant's acid

Illustrated notes

Levels and vault maps discovered:
D:        dungeon_sprint_1 [red_sonja_temple_1, red_sonja_temple_small_1]

Skill      XL: |  1  2  3  4  5  6  7  8  9 |
---------------+----------------------------+-----
Fighting       | 3 5 6 7 8 10 | 10.7
Axes           | 4 6 7 9 10 11 12 | 12.5
Armour         | 3 5 7 9 10 11 12 | 12.3
Dodging        | 3 5 7 9 10 11 12 | 12.3

Action                   |  1- 3 |  4- 6 |  7- 9 || total
-------------------------+-------+-------+-------++-------
Melee: Hand axe          |    15 |    40 |    72 ||   127
Invok: Berserk           |     2 |     4 |     5 ||    11
 Abil: Heal Wounds       |       |     4 |     7 ||    11
Evoke: Wand              |       |       |     2 ||     2
Armor: Chain mail        |       |     6 |    37 ||    43
Dodge: Dodged            |     4 |    11 |    30 ||    45
Block: Tower shield      |       |       |    19 ||    19

Table legend: (Time is in decaauts)
 A = Elapsed time spent in this place.
 B = Non-inter-level travel time spent in this place.
 C = Inter-level travel time spent in this place.
 D = Time resting spent in this place.
 E = Time spent auto-exploring this place.
 F = Levels seen in this place.
 G = Mean time per level.
                   A        B        C        D        E       F      G
               +--------+--------+--------+--------+--------+-----+--------+
         Total |   1580 |   1580 |      0 |   1164 |      0 |   1 | 1580.0 |
       Dungeon |   1580 |   1580 |      0 |   1164 |      0 |   1 | 1580.0 |
               +--------+--------+--------+--------+--------+-----+--------+

Top non-repeatable levels by time:
       D: 1580 daAuts
